 Dungeon Crawl Stone Soup version 0.31.0-12-g77e489cdc1 (webtiles) character file.

Game seed: 2720422518051350101

14197 Silvore the Basher (level 11, -3/99 HPs)
             Began as a Minotaur Fighter on Feb 23, 2024.
             Was a Believer of the Shining One.
             Asphyxiated
             ... on level 11 of the Dungeon.
             The game lasted 00:15:03 (12168 turns).

Silvore the Basher (Minotaur Fighter)              Turns: 12168, Time: 00:15:05

Health: -3/99      AC: 23    Str: 26    XL:     11   Next: 85%
Magic:  11/11      EV:  8    Int:  5    God:    the Shining One [**....]
Gold:   512        SH:  8    Dex:  9    Spells: 10/10 levels left

rFire   x . .        f - +2 mace (protect)
rCold   + . .        c - +2 buckler
rNeg    + + .        k - +7 plate armour of Elyvilon's Pride {rN+}
rPois   .            (helmet restricted)
rElec   .            (no cloak)
rCorr   .            (no gloves)
SInv    .            l - +0 pair of boots
Will    .....        (no amulet) Stlth
                     D - ring of ice
HPRegen 0.36/turn    (no ring)
MPRegen 0.12/turn

%: no passive effects
@: lethally poisoned (-3 -> -10), slowed, glowing, very slow
A: horns 2, retaliatory headbutt
a: Renounce Religion, Divine Shield


You were on level 11 of the Dungeon.
You worshipped the Shining One.
The Shining One was pleased with you.
You visited 2 branches of the dungeon, and saw 12 of its levels.

You collected 834 gold pieces.
You donated 322 gold pieces to Zin.

Inventory:

Hand Weapons
 a - a +0 flail
 f - a +2 mace of protection (weapon)
Missiles
 d - a throwing net (quivered)
Armour
 b - a +0 scale mail
 c - a +2 buckler (worn)
 k - the +7 plate armour of Elyvilon's Pride (worn) {rN+}
   (You found it on level 5 of the Dungeon)

   rN+:       It protects you from negative energy.
 l - a +0 pair of boots (worn)
 q - a +0 plate armour
Jewellery
 D - a ring of ice (left hand)
 H - an amulet of the acrobat
Wands
 m - a wand of acid (22)
 p - a wand of charming (12)
 w - a wand of polymorph (7)
 y - a wand of roots (4)
 K - a wand of flame (8)
Scrolls
 g - 3 scrolls of enchant armour
 h - 7 scrolls of teleportation
 n - 2 scrolls of fog
 r - 2 scrolls of amnesia
 t - 4 scrolls of identify
 u - 2 scrolls of blinking
 v - 2 scrolls of poison
 C - a scroll of enchant weapon
 E - 2 scrolls of immolation
 F - a scroll of fear
 G - 4 scrolls of vulnerability {unknown}
Potions
 e - 5 potions of ambrosia
 i - a potion of magic
 j - 2 potions of brilliance
 o - 4 potions of curing
 s - a potion of invisibility
 x - 2 potions of degeneration
 z - 4 potions of haste
 A - 3 potions of lignification
 B - 2 potions of mutation
 I - a potion of cancellation {unknown}
 J - a potion of attraction {unknown}


   Skills:
 + Level 9.8 Fighting
 + Level 14.2 Maces & Flails
 + Level 11.6 Armour
 + Level 3.1 Dodging
 + Level 1.8 Stealth
 + Level 10.8 Shields
 + Level 2.2 Invocations


You had 10 spell levels left.
You didn't know any spells.
Your spell library contained the following spells:

 Spells                   Type           Power      Damage    Failure   Level
 Apportation              Tloc           0%         N/A       99%         1
 Summon Small Mammal      Summ           0%         N/A       99%         1
 Cigotuvi's Dreadful Rot  Necr/Alch/Air  0%         N/A       100%        2
 Jinxbite                 Hex            0%         N/A       100%        2
 Call Canine Familiar     Summ           0%         N/A       100%        3
 Anguish                  Hex/Necr       0%         N/A       100%        4
 Cause Fear               Hex            0%         N/A       100%        4
 Ignite Poison            Fire/Alch      0%         N/A       100%        4
 Summon Blazeheart Golem  Fire/Summ      0%         N/A       100%        4
 Alistair's Intoxication  Alch           0%         N/A       100%        5
 Freezing Cloud           Conj/Ice/Air   0%         6-21      100%        5
 Enfeeble                 Hex            0%         N/A       100%        7


Dungeon Overview and Level Annotations

Branches:
Dungeon (11/15)            Temple (1/1) D:7            Lair (0/5) D:11
    Orc (0/2) D:11

Altars:
Ashenzari
Cheibriados
Dithmenos
Elyvilon
Fedhas
Gozag
Hepliaklqana
Kikubaaqudgha
Makhleb
Nemelex Xobeh
Okawaru
Qazlal
Ru
Sif Muna
Trog
Uskayaw
Vehumet
Wu Jian
Xom
Yredelemnul
Zin
The Shining One

Shops:
D:10 [

Portals:
Trove: D:10 (give 16 scrolls of teleportation)


Innate Abilities, Weirdness & Mutations

You have a pair of horns on your head.
You reflexively headbutt those who attack you in melee.


Message History

You completely miss the ogre. You headbutt the ogre!
The ogre is heavily wounded.
You hit the ogre.
The ogre is heavily wounded.
You block the ogre's attack.
You sock the ogre!
The ogre is almost dead.
The ogre barely misses you.
You barely miss the ogre.
You headbutt the ogre, but do no damage.
The ogre is almost dead.
You hit the ogre.
You kill the ogre!
You barely miss the ogre. The ogre barely misses you.
The gnoll sergeant hits you but does no damage.
You sock the ogre! You headbutt the ogre.
The ogre is severely wounded.
You block the gnoll sergeant's attack.
The ogre hits you with a +0 giant spiked club!
* * * LOW HITPOINT WARNING * * *
Unknown command.
Blink to where?
Press: ? - help, Dir - move target
As you read the scroll of blinking, it crumbles to dust.
You open the door.
You feel yourself speed up.
There is an open door here.
The kobold brigand throws a curare-tipped dart.
The curare-tipped dart hits you.
You are poisoned.
You have difficulty breathing.
* * * LOW HITPOINT WARNING * * *
You feel yourself slow down.
* * * LOW HITPOINT WARNING * * *
You feel sick.
The kobold brigand throws a curare-tipped dart.
The curare-tipped dart hits you.
You are lethally poisoned!
You have difficulty breathing.
You die...

#..............#...#.....##.
#..............#...#.....###
#......gO.K....##'##.....###
..####'#####g....#..##.......
#######.g...g..#O....#...#.......
..)K)....o.gK..#.....#...#.......
###g###........#...†.'...#.......
8..g #........'.....#...#.......
#.oggo#.########@....#...#.......
#..o..#.#.........####...######..
#..$..###.........#.......#...'..
#8...8# #.........#.......#..†#..
####### +.........#.......#.).#..
#.........#......)))..#..
#.........#...[...#...#..
###.........#############..
#..........................


You could see 2 kobold brigands, an ogre, 2 gnoll sergeants, a gnoll and an orc.

Vanquished Creatures
  Erolcha (D:9)
  A boulder beetle (D:7)
  A tengu warrior (D:9)
  5 two-headed ogres
  A deep elf pyromancer (D:9)
  A cyclops (D:11)
  A gargoyle (D:11)
  A polar bear (shapeshifter) (D:9)
  3 trolls
  2 hornets (D:10)
  A shadow (D:11)
  2 basilisks (D:11)
  A wyvern (D:9)
  7 yaks
  2 humans (D:10)
  3 steam dragons
  An acid dragon (D:9)
  A water moccasin (D:7)
  2 ice beasts
  5 orc warriors
  2 ogres
  A black bear (D:11)
  A sky beast (D:7)
  2 centaurs (D:9)
  A kobold brigand (D:8)
  5 bullfrogs
  A scorpion (D:7)
  3 gnoll sergeants
  14 wights
  20 killer bees
  A howler monkey (D:9)
  A crimson imp (D:8)
  A hound (D:5)
  2 jellies
  A bombardier beetle (D:6)
  8 orc priests
  2 gnoll boudas
  A sleepcap (D:5)
  8 iguanas
  9 orc wizards
  6 adders
  28 gnolls
  3 shadow imps
  A dart slug (D:3)
  A ribbon worm (D:3)
  23 orcs
  7 bats
  5 endoplasms
  3 giant cockroaches
  5 goblins
  7 hobgoblins
  3 jackals
  3 quokkas (D:1)
  10 ball pythons
  5 frilled lizards
  13 kobolds
  9 rats
258 creatures vanquished.

Notes
Turn   | Place    | Note
-------+----------+-------------------------------------------
     0 | D:1      | Silvore the Minotaur Fighter began the quest for the Orb.
     0 | D:1      | Reached XP level 1. HP: 19/19 MP: 0/0
   104 | D:1      | Reached XP level 2. HP: 23/27 MP: 1/1
   350 | D:1      | Found a faded altar of an unknown god.
   393 | D:1      | Reached skill level 3 in Maces & Flails
   393 | D:1      | Reached XP level 3. HP: 31/33 MP: 2/2
   758 | D:2      | Found a snail-covered altar of Cheibriados.
  1119 | D:3      | Noticed an ice beast
  1157 | D:3      | Killed an ice beast
  1158 | D:3      | Reached skill level 4 in Maces & Flails
  1158 | D:3      | Reached skill level 1 in Dodging
  1158 | D:3      | Reached XP level 4. HP: 13/41 MP: 3/3
  1158 | D:3      | Reached XP level 5. HP: 15/47 MP: 4/4
  1459 | D:3      | Found a broken altar of Ashenzari.
  2194 | D:4      | Found a hide-covered altar of Uskayaw.
  2277 | D:4      | Reached skill level 5 in Maces & Flails
  2324 | D:4      | Reached skill level 5 in Armour
  2324 | D:4      | Reached XP level 6. HP: 5/53 MP: 5/5
  2687 | D:5      | Entered Level 5 of the Dungeon
  2882 | D:5      | Identified the +7 plate armour of Elyvilon's Pride {rN+}
  3031 | D:5      | Reached skill level 5 in Shields
  3031 | D:5      | Reached XP level 7. HP: 60/60 MP: 6/6
  3037 | D:5      | Found a stormy altar of Qazlal.
  3168 | D:5      | Found a bloodstained altar of Trog.
  3168 | D:5      | Found a shadowy altar of Dithmenos.
  3359 | D:5      | Found a snail-covered altar of Cheibriados.
  3384 | D:5      | Reached skill level 6 in Maces & Flails
  3510 | D:5      | Reached skill level 5 in Fighting
  3716 | D:6      | Found a sacrificial altar of Ru.
  3882 | D:6      | Reached skill level 7 in Maces & Flails
  3898 | D:6      | Reached XP level 8. HP: 49/68 MP: 7/7
  4672 | D:7      | Reached skill level 8 in Maces & Flails
  4692 | D:7      | Found a staircase to the Ecumenical Temple.
  4730 | Temple   | Entered the Ecumenical Temple
  4763 | Temple   | Became a worshipper of Zin the Law-Giver
  4763 | Temple   | Reached * piety under Zin
  4763 | Temple   | Reached ** piety under Zin
  4940 | D:7      | Reached skill level 9 in Maces & Flails
  4940 | D:7      | Noticed a boulder beetle
  4949 | D:7      | Reached XP level 9. HP: 41/78 MP: 8/8
  4992 | D:7      | Killed a boulder beetle
  4993 | D:7      | Reached skill level 10 in Maces & Flails
  5634 | D:7      | Reached *** piety under Zin
  5671 | D:7      | Donated 257 gold pieces to Zin
  5764 | D:8      | Reached skill level 1 in Stealth
  5808 | D:8      | Found a burning altar of Makhleb.
  5858 | D:8      | Reached skill level 11 in Maces & Flails
  6028 | D:8      | Reached skill level 1 in Invocations
  6121 | D:8      | Reached XP level 10. HP: 63/86 MP: 9/9
  6319 | D:8      | Reached skill level 12 in Maces & Flails
  6457 | D:8      | Reached **** piety under Zin
  6826 | Temple   | Fell from the grace of Zin
  6826 | Temple   | Became a worshipper of the Shining One
  6826 | Temple   | Reached * piety under the Shining One
  6826 | Temple   | Reached ** piety under the Shining One
  6965 | D:9      | Noticed a two-headed ogre
  6978 | D:9      | Killed a two-headed ogre
  7084 | D:9      | Noticed Erolcha
  7105 | D:9      | Killed Erolcha
  7459 | D:9      | Found a sparkling altar of Nemelex Xobeh.
  7714 | D:9      | Noticed a two-headed ogre
  7731 | D:9      | Reached skill level 13 in Maces & Flails
  7733 | D:9      | Killed a two-headed ogre
  7739 | D:9      | Noticed a two-headed ogre
  7740 | D:9      | Noticed a deep elf pyromancer
  7740 | D:9      | Noticed a tengu warrior
  7745 | D:9      | Killed a deep elf pyromancer
  7746 | D:9      | Reached XP level 11. HP: 79/95 MP: 7/11
  7757 | D:9      | Killed a two-headed ogre
  7758 | D:9      | Reached skill level 10 in Armour
  7763 | D:9      | Killed a tengu warrior
  7921 | D:9      | Reached skill level 10 in Shields
  8927 | D:10     | Entered Level 10 of the Dungeon
  9679 | D:10     | Found Cios's Armour Shop.
  9684 | D:10     | Found an iron altar of Okawaru.
 10015 | D:10     | Noticed a two-headed ogre
 10023 | D:10     | Killed a two-headed ogre
 10132 | D:10     | Found a portal to a secret trove of treasure.
 10254 | D:10     | Noticed a two-headed ogre
 10262 | D:10     | Killed a two-headed ogre
 11568 | D:11     | Reached skill level 14 in Maces & Flails
 11617 | D:11     | Found a staircase to the Lair.
 12120 | D:11     | Found a staircase to the Orcish Mines.
 12168 | D:11     | HP: 4/99 [poisoned by a kobold brigand (curare-tipped
                  | dart)]
 12168 | D:11     | Asphyxiated

Illustrated notes

Levels and vault maps discovered:
D:1:      amcnicky_arrival_flooded_fountain, layout_basic,
          nicolae_ecumenical_snake_handling
D:2:      layout_rooms, basic_altar, chequers_serial_rivers_marsh,
          nicolae_houndstooth_variations
D:3:      layout_loops_ring, evilmike_ruin_ashenzari, minmay_circle_x
D:4:      wad_pebble_path, layout_basic, mainiacjoe_overflow_24_doors,
          chequers_serial_rivers_room_b, minivault_19
D:5:      layout_loops_corners, mainiacjoe_overflow_small_starburst,
          gammafunk_temple_overflow_elements, amcnicky_altar_gilded
D:6:      layout_basic, mainiacjoe_overflow_brackets
D:7:      layout_loops_ring, minmay_temple_entry_trees
D:8:      layout_loops_ring, makhleb_grotto_becter
D:9:      nzn_winding_woodlands_medium [nzn_winding_woodlands_5x5_checkerboard,
          nzn_winding_woodlands_5x15_jagged, nzn_winding_woodlands_5x5_cross,
          nzn_winding_woodlands_5x5_three, nzn_winding_woodlands_center_lodge,
          nzn_winding_woodlands_5x5_perimeter,
          nzn_winding_woodlands_5x5_default,
          nzn_winding_woodlands_5x15_lazy_stream,
          nzn_winding_woodlands_5x5_open_star], layout_layer_cave,
          nemelex_spade_bored_becter, uniq_erolcha
D:10:     layout_layer_cave, okawaru_humans, serial_shops, shop, enter_trove_0,
          david_defended_altar_orc
D:11:     layout_gridville, david_lair_generic,
          kennysheep_orc_monster_closet_entryway, lemuel_nasty_fountain
Temple:   nicolae_temple_godzebo

Skill      XL: |  1  2  3  4  5  6  7  8  9 10 11 |
---------------+----------------------------------+-----
Armour         | 4 5 6 7 8 9 11 | 11.6
Fighting       | 4 5 6 7 8 9 |  9.8
Maces & Flails | 3 4 5 7 9 11 13 14 | 14.2
Shields        | 4 5 7 8 9 10 | 10.8
Dodging        | 1 2 3 |  3.1
Stealth        | 1 |  1.8
Invocations    | 1 2 |  2.2

Action                     |  1- 3 |  4- 6 |  7- 9 | 10-12 || total
---------------------------+-------+-------+-------+-------++-------
  Melee: Flail             |    25 |       |       |       ||    25
         Headbutt          |    10 |    16 |    56 |    99 ||   181
         Mace              |    90 |   125 |   382 |   351 ||   948
 Invoke: Recite            |       |       |     2 |       ||     2
         Donate Gold       |       |       |     1 |       ||     1
         Divine Shield     |       |       |       |     1 ||     1
    Use: Scroll            |     7 |     7 |     6 |     6 ||    26
         Potion            |       |     1 |     4 |     2 ||     7
   Stab: Confused          |       |       |     1 |       ||     1
 Armour: Scale mail        |   103 |    26 |       |       ||   129
         Plate armour      |       |    67 |   299 |   341 ||   707
  Dodge: Dodged            |    76 |    59 |   121 |   150 ||   406
  Block: Buckler           |    28 |    47 |   153 |   150 ||   378
